 Dungeon Crawl Stone Soup version 0.28.0-43-g3370ac3207 (webtiles) character file.

Game seed: 6841094781786479334

1484 smarlow the Fighter (level 8, -17/61 HPs)
             Began as a Demonspawn Chaos Knight on Mar 6, 2022.
             Was a Plaything of Xom.
             Demolished by a wight
             ... wielding a +0 long sword
              (18 damage)
             ... on level 5 of the Dungeon.
             The game lasted 00:12:00 (4879 turns).

smarlow the Fighter (Demonspawn Chaos Knight)       Turns: 4879, Time: 00:12:00

Health: -17/61     AC:  7    Str: 16      XL:     8   Next: 50%
Magic:  8/8        EV: 11    Int: 17      God:    Xom [....*.]
Gold:   154        SH:  4    Dex:  9 (10) Spells: 7/7 levels left

rFire   . . .      SeeInvis .   a - +0 hand axe (chaos)
rCold   . . .      Faith    .   (no shield)
rNeg    . . .      Spirit   .   b - +2 leather armour
rPois   .          Reflect  .   (helmet restricted)
rElec   .          Harm     .   (no cloak)
rCorr   .          Rampage  .   (no gloves)
Will    .....                   m - +2 pair of boots
Stlth   +.........              (no amulet)
HPRegen 0.20/turn               (no ring)
MPRegen 0.11/turn               (no ring)

@: hasted, very quick
A: horns 1, foul stench 1, big brain 2, condensation shield, hooves 1, clumsy 1,
deformed body, deterioration 1, frail 1, shaggy fur 1
a: Renounce Religion


You were on level 5 of the Dungeon.
You worshipped Xom.
You were a beloved toy of Xom.
You visited 1 branch of the dungeon, and saw 6 of its levels.

You collected 154 gold pieces.

Inventory:

Hand Weapons
 a - a +0 hand axe of chaos (weapon)
Armour
 b - a +2 leather armour (worn)
 m - a +2 pair of boots (worn)
Wands
 l - a wand of flame (12)
 t - a wand of iceblast (8)
Scrolls
 e - a scroll of fog
 g - a scroll of torment
 h - a scroll of brand weapon
 o - a scroll of noise {unknown}
 s - 3 scrolls of identify
Potions
 c - a potion of brilliance {unknown}
 d - a potion of haste
 f - a potion of curing {unknown}
 n - a potion of ambrosia {unknown}
 r - a potion of flight {unknown}


   Skills:
 * Level 8.1 Fighting
 + Level 7.1 Axes
 + Level 2.7 Armour
 - Level 0.8 Dodging


You had 7 spell levels left.
You didn't know any spells.
Your spell library was empty.

Dungeon Overview and Level Annotations

Branches:
Dungeon (6/15)             Temple (0/1) D:4

Altars:
Elyvilon
Qazlal


Innate Abilities, Weirdness & Mutations

You have a pair of small horns on your head.
You may rarely emit foul miasma when damaged in melee.
You have an extremely huge brain. (Int +4)
A meltable shield of frost defends you. (SH +4)
You have large cloven feet.
You are clumsy. (Dex -2)
Armour fits poorly on your strangely shaped body.
Your body sometimes deteriorates upon taking damage.
You are frail. (-10% HP)
You are covered in fur. (AC +1)


Message History

Reactivating autopickup.
The orc wizard shouts!
The orc shouts!
Found 13 gold pieces and a tubular jade ring.
There is a stone staircase leading up here.
The orc priest mumbles some strange prayers to Beogh against you.
Beogh smites you! The wight barely misses you. x2
You hear a shout!
You climb upwards.
There is a stone staircase leading down here.
You hit the wight.
You headbutt the wight, but do no damage.
The wight is lightly damaged.
You hit the wight.
The wight suddenly seems more agile.
You closely miss the wight.
The wight is moderately damaged.
You hit the wight. You burn the wight. The wight closely misses you.
The wight hits you with a +0 falchion.
You feel drained.
You closely miss the wight.
The wight is moderately damaged.
You hit the wight but do no damage.
The wight seems to grow stronger.
The wight hits you but does no damage.
The wight hits you with a +0 long sword!
You closely miss the wight. Your headbutt misses the wight.
The wight is moderately damaged.
You hit the wight.
The wight hits you with a +0 long sword!
The wight hits you but does no damage.
You hit the wight. You headbutt the wight.
You destroy the wight!
You hit the wight but do no damage.
The wight flickers and vanishes!
Deactivating autopickup; reactivate with Ctrl-A.
Something hits you!
* * * LOW HITPOINT WARNING * * *
Your life force feels restored.
You closely miss something. Something hits you!
* * * LOW HITPOINT WARNING * * *
Your body deteriorates!
You feel clumsy.
You feel yourself speed up. Something hits you!!
You die...
Xom guffaws!

######......##
##.##.........##
#..............#
##............## #
##..#....###### #
#..#######≈≈≈### #
##.## ##≈≈.≈≈≈# #
##.## ###≈≈#.#≈≈# #
##..#####.'...@).≈#
##..###....#≈≈#{#≈##
##..###.....##≈≈.≈≈#
#..####......##≈≈≈##
..####.......######
..###.........#
...##.........#
...#..........#
...#..........#
##### ###


There were no monsters in sight!

Vanquished Creatures
  Pikel (D:4)
  A black bear (D:4)
  A floating eye (shapeshifter) (D:4)
  An ice beast (D:5)
  A necrophage (D:5)
  A centaur (D:5)
  A lemure (D:4)
  3 scorpions (D:5)
  A wight (D:5)
  A howler monkey (D:4)
  A bullfrog zombie (D:5)
  2 hounds
  A centaur skeleton (D:5)
  An iguana (D:4)
  A bullfrog skeleton (D:5)
  A hound skeleton (D:5)
  7 adders
  An ufetubus (D:4)
  A worm (D:2)
  2 dart slugs
  An orc (D:5)
  8 ball pythons
  3 endoplasms (D:2)
  3 giant cockroaches
  5 goblins
  6 hobgoblins
  5 jackals
  3 quokkas
  4 bats
  3 frilled lizards
  5 kobolds
  8 rats
84 creatures vanquished.

Vanquished Creatures (collateral kills)
  A lemure (D:4)
  An orc (D:4)
2 creatures vanquished.

Grand Total: 86 creatures vanquished

Notes
Turn   | Place    | Note
-------+----------+-------------------------------------------
     0 | D:1      | smarlow the Demonspawn Chaos Knight began the quest for the
                  | Orb.
     0 | D:1      | Reached XP level 1. HP: 18/18 MP: 1/1
   147 | D:1      | Gained mutation: A meltable shield of frost defends you.
                  | (SH +4) [demonic ancestry]
   147 | D:1      | Reached XP level 2. HP: 22/24 MP: 2/2
   305 | D:1      | XOM: noise
   649 | D:1      | XOM: confuse monster(s)
   788 | D:1      | Reached XP level 3. HP: 29/29 MP: 3/3
   920 | D:2      | XOM: confusion (+ monsters)
  1046 | D:2      | XOM: give mutations
  1046 | D:2      | Gained mutation: Your body sometimes deteriorates upon
                  | taking damage. [Xom's mischief]
  1046 | D:2      | Gained mutation: You are covered in fur. (AC +1) [Xom's
                  | mischief]
  1160 | D:2      | Reached skill level 4 in Fighting
  1296 | D:2      | Gained mutation: You have an unusually large brain. (Int
                  | +2) [demonic ancestry]
  1296 | D:2      | Reached XP level 4. HP: 37/37 MP: 4/4
  1310 | D:2      | XOM: summons 4 hostile shadow creatures
  1693 | D:2      | XOM: 10-stop teleportation journey
  1784 | D:2      | XOM: give mutations
  1784 | D:2      | Gained mutation: You are clumsy. (Dex -2) [Xom's mischief]
  1784 | D:2      | Gained mutation: Armour fits poorly on your strangely
                  | shaped body. [Xom's mischief]
  1784 | D:2      | Gained mutation: You have large cloven feet. [Xom's
                  | mischief]
  2063 | D:3      | You fall into a shaft and drop 1 floor!
  2063 | D:4      | Noticed a black bear
  2075 | D:4      | Killed a black bear
  2076 | D:4      | Reached skill level 5 in Fighting
  2076 | D:4      | Reached XP level 5. HP: 29/44 MP: 5/5
  2326 | D:4      | Found a staircase to the Ecumenical Temple.
  2376 | D:4      | XOM: 6-stop teleportation journey
  2616 | D:4      | Gained mutation: You may rarely emit foul miasma when
                  | damaged in melee. [demonic ancestry]
  2616 | D:4      | Reached XP level 6. HP: 51/51 MP: 6/6
  2634 | D:4      | Noticed a glowing shapeshifter
  2634 | D:4      | an iguana changed into a glowing shapeshifter
  2634 | D:4      | Noticed an eye of devastation
  2634 | D:4      | a glowing shapeshifter changed into an eye of devastation
  2635 | D:4      | Noticed a shock serpent
  2635 | D:4      | an eye of devastation changed into a shock serpent
  2636 | D:4      | Noticed a cyclops
  2636 | D:4      | a shock serpent changed into a cyclops
  2639 | D:4      | Noticed a sea snake
  2639 | D:4      | a cyclops changed into a sea snake
  2641 | D:4      | Noticed a floating eye
  2641 | D:4      | a sea snake changed into a floating eye
  2643 | D:4      | Killed a floating eye
  2644 | D:4      | Reached skill level 5 in Axes
  2679 | D:4      | Noticed Pikel
  2682 | D:4      | XOM: summons 6 friendly demons
  2691 | D:4      | XOM: divination: magic mapping
  2695 | D:4      | Killed Pikel
  2696 | D:4      | Reached skill level 6 in Fighting
  2696 | D:4      | Gained mutation: You have a pair of small horns on your
                  | head. [demonic ancestry]
  2696 | D:4      | Reached XP level 7. HP: 49/59 MP: 7/7
  3157 | D:5      | Entered Level 5 of the Dungeon
  3380 | D:5      | Reached skill level 7 in Fighting
  3534 | D:5      | Gained mutation: You have an extremely huge brain. (Int +4)
                  | [demonic ancestry]
  3534 | D:5      | Reached XP level 8. HP: 49/67 MP: 8/8
  3720 | D:5      | Found a stormy altar of Qazlal.
  3733 | D:5      | XOM: divination: detect items
  3833 | D:5      | XOM: silly message
  3986 | D:5      | XOM: noise
  4263 | D:5      | XOM: god gift: scroll labelled DEOQOY GIACLIA {god gift}
  4521 | D:5      | XOM: confusion (+ monsters)
  4522 | D:5      | Reached skill level 8 in Fighting
  4533 | D:5      | XOM: summons 5 hostile demons
  4698 | D:5      | XOM: give mutation
  4698 | D:5      | Gained mutation: You are frail. (-10% HP) [Xom's mischief]
  4878 | D:5      | HP: 1/61 [something (7)]
  4879 | D:5      | Demolished by a wight

Illustrated notes

Levels and vault maps discovered:
D:1:      dpeg_arrival_morbid_curiosity, layout_basic
D:2:      layout_rooms, minmay_pentomino_x4
D:3:      layout_basic, nicolae_overflow_crystal_walls,
          lemuel_coloured_pillars_altar
D:4:      layout_gridville, minmay_temple_entry_junction, uniq_pikel
D:5:      layout_cave_pods, elyvilon_altar_5, nicolae_qazlal_scattered_showers,
          hangedman_decor_riveting, kennysheep_small_circle
D:6:      layout_cave_pods, xom_confusion_cloud, kennysheep_generic_room_11,
          uniq_menkaure

Skill      XL: |  1  2  3  4  5  6  7  8 |
---------------+-------------------------+-----
Axes           | 3 4 6 7 |  7.1
Fighting       | 4 5 6 7 8 |  8.1
Armour         | 2 |  2.7
Dodging        | |  0.8

Action                   |  1- 3 |  4- 6 |  7- 9 || total
-------------------------+-------+-------+-------++-------
Melee: Hand axe          |   126 |    99 |    67 ||   292
       Punch             |     3 |     2 |     1 ||     6
       Kick              |       |    12 |       ||    12
       Headbutt          |       |       |    19 ||    19
  Use: Potion            |       |     2 |     4 ||     6
       Scroll            |       |       |     7 ||     7
 Stab: Sleeping          |     1 |       |       ||     1
       Confused          |     1 |     1 |       ||     2
       Paralysed         |       |     5 |       ||     5
Armor: Leather armour    |    40 |    22 |    33 ||    95
Dodge: Dodged            |    88 |    50 |    50 ||   188
Block: Other             |    19 |    16 |    15 ||    50
